 Dungeon Sprint DCSS version 0.24-a0-581-gc0fa660 (webtiles) character file.

Game seed: 3864593163067026290

156 Faca the Cleaver (level 5, -3/48 HPs)
             Began as a Formicid Fighter on Aug 22, 2019.
             Was a Follower of Makhleb.
             Splashed by a jelly's acid (7 damage)
             ... in the Dungeon (Sprint V: "Ziggurat Sprint").
             The game lasted 00:01:55 (121 turns).

Faca the Cleaver (Formicid Fighter)                  Turns: 121, Time: 00:01:56

Health: -3/48      AC: -7    Str: 34    XL:     5   Next: 64%
Magic:  5/5        EV:  5    Int:  7    God:    Makhleb [*.....]
Gold:   0          SH:  0    Dex: 10    Spells: 4/4 levels left

rFire    . . .     SeeInvis +   w - +5 broad axe
rCold    . . .     Gourm    .   y - +3 large shield
rNeg     . . .     Faith    .   B - +5 storm dragon scales
rPois    .         Spirit   .   (helmet unavailable)
rElec    +         Reflect  .   (no cloak)
rCorr    .         Harm     .   (no gloves)
MR       .....                  (no boots)
Stlth    ..........             (no amulet)
HPRegen  0.16/turn              D - +6 ring of strength
MPRegen  0.09/turn              E - +6 ring of strength

@: confused, corroded
A: permanent stasis, dig shafts and tunnels, four strong arms, antennae 3
a: Dig, Renounce Religion


You were in the Dungeon.
You worshipped Makhleb.
Makhleb was aware of your devotion.
You were not hungry.

You visited 1 branch

Inventory:

Hand Weapons
 v - a +5 battleaxe
 w - a +5 broad axe (weapon)
 x - a +5 executioner's axe
Armour
 y - a +3 large shield (worn)
 A - +5 gold dragon scales
 B - +5 storm dragon scales (worn)
 I - the +15 Maxwell's patent armour {-Cast -Tele rElec MR+ rCorr}
   (You found it in the Dungeon)

   It insulates you from electricity.
   It affects your resistance to hostile enchantments.
   It prevents spellcasting.
   It prevents most forms of teleportation.
   It provides partial protection from all sources of acid and corrosion.
Jewellery
 a - an uncursed ring of flight
 b - a +6 ring of dexterity
 c - a +6 ring of dexterity
 z - a +6 ring of intelligence
 C - a +6 ring of intelligence
 D - a +6 ring of strength (left hand)
 E - a +6 ring of strength (right hand)
Wands
 F - a wand of disintegration (7)
 G - a wand of iceblast (7)
 H - a wand of acid (7)
Scrolls
 k - 4 scrolls of blinking
 o - 4 scrolls of amnesia
 q - 7 scrolls of fog
 r - a scroll of holy word
 s - 5 scrolls of identify
 t - 5 scrolls of remove curse
 u - 2 scrolls of fear
Potions
 d - 6 potions of might
 e - 10 potions of curing
 g - 6 potions of heal wounds
 h - 6 potions of haste
 i - 7 potions of magic
 j - 3 potions of berserk rage
 l - 2 potions of brilliance
 m - 2 potions of invisibility
 n - 4 potions of resistance
 p - 5 potions of agility
Comestibles
 f - 7 rations


   Skills:
 + Level 7.6 Fighting
 + Level 9.9 Axes
 - Level 3.2 Armour
 - Level 3.6 Shields


You had 4 spell levels left.
You didn't know any spells.
Your spell library was empty.

Dungeon Overview and Level Annotations

Branches:
Dungeon (1/1)

Altars:
Ashenzari
Cheibriados
Dithmenos
Elyvilon
Fedhas
Gozag
Hepliaklqana
Kikubaaqudgha
Makhleb
Nemelex Xobeh
Okawaru
Qazlal
Ru
Sif Muna
Trog
Uskayaw
Vehumet
Wu Jian
Xom
Yredelemnul
Zin
The Shining One
Beogh
Jiyva
Lugonu

Annotations:
D 1 transporter


Innate Abilities, Weirdness & Mutations

You cannot be hasted, slowed, berserked, paralysed or teleported.
You can dig through walls and to a lower floor.
Your four strong arms can wield two-handed weapons with a shield.
You have a pair of large antennae on your head. (SInv)


Message History

The golden eye blinks at you.
You are more confused.
The jelly hits you. The acid corrodes you!
You are splashed with acid!
* * * LOW HITPOINT WARNING * * *
You feel much better. The jelly hits you. The acid corrodes you!
You are splashed with acid!
The jelly hits you.
You are splashed with acid!
The jelly hits you. The acid corrodes you!
You are splashed with acid!
* * * LOW HITPOINT WARNING * * *
You feel much better.
The golden eye blinks!
The jelly hits you.
You are splashed with acid!
* * * LOW HITPOINT WARNING * * *
The jelly hits you.
* * * LOW HITPOINT WARNING * * *
You are splashed with acid!
* * * LOW HITPOINT WARNING * * *
The jelly jiggles.
The jelly hits you.
* * * LOW HITPOINT WARNING * * *
You are splashed with acid!
You die...

▓▓▓▓▓▓▓▓▓▓▓▓▓▓▓▓▓▓▓
▓.8©8.▓.8©8.▓.8©8.▓
▓.)?[.▓.|=|.▓.....▓
▓..|..▓.....▓.[.).▓
▓..§..▓.....▓.....▓
▓.....▓.....▓.....▓
▓.JJJ.▓††...▓..©..▓
▓G.@..▓..©..▓▓▓▓▓▓▓
▓▓▓▓▓▓▓▓▓▓▓▓▓ {{{
{{{ { { {


You could see 3 jellies and a golden eye.

Vanquished Creatures
  A water moccasin (D)
  A jelly (D)
  An adder (D)
  An ooze (D)
  A ball python (D)
5 creatures vanquished.

Notes
Turn   | Place    | Note
-------+----------+-------------------------------------------
     0 | D        | Faca the Formicid Fighter began the quest for the Orb.
     0 | D        | Reached XP level 1. HP: 18/18 MP: 1/1
     0 | D        | Found a shimmering blue altar of Sif Muna.
     0 | D        | Found a sacrificial altar of Ru.
     0 | D        | Found a bloodstained altar of Trog.
     0 | D        | Found a stormy altar of Qazlal.
     0 | D        | Found an iron altar of Okawaru.
     0 | D        | Found a sparkling altar of Nemelex Xobeh.
     0 | D        | Found a blossoming altar of Fedhas.
     1 | D        | Found the +6 Majin-Bo {vamp, Archmagi MP+6 Int+6}
     1 | D        | Found the +7 great mace "Firestarter" {inner flame, rF++}
     2 | D        | Reached skill level 7 in Axes
     2 | D        | Reached XP level 2. HP: 24/24 MP: 2/2
     3 | D        | Found a transporter.
     3 | D        | Found an ancient bone altar of Kikubaaqudgha.
     3 | D        | Found a viscous altar of Jiyva.
     3 | D        | Found a corrupted altar of Lugonu.
     3 | D        | Found a hazy altar of Hepliaklqana.
     3 | D        | Found a burning altar of Makhleb.
     3 | D        | Found an opulent altar of Gozag.
    60 | D        | Found the +9 heavy crossbow "Sniper" {velocity, Acc+∞ SInv}
    60 | D        | Found the +10 dark maul {crush}
    60 | D        | Found the +15 Maxwell's patent armour {-Cast -Tele rElec
                  | MR+ rCorr}
    60 | D        | Found the +18 shield of the Gong {rElec rN+ MR+ EV-5}
    60 | D        | Found the cursed +14 obsidian axe {chop, +Fly SInv *Curse}
    62 | D        | Found the +6 shillelagh "Devastator" {shatter}
    62 | D        | Found the +11 plutonium sword {*Contam Stlth-}
    62 | D        | Found the +8 lance "Wyrmbane" {slay drac, rPois rF+ rC+
                  | AC+3}
    62 | D        | Found the +9 sword of Zonguldrok {reap}
    62 | D        | Found the cursed +13 scythe of Curses {drain, *Curse}
    62 | D        | Found the +0 sword of Power
    62 | D        | Found the +7 mace of Variability {chain chaos}
    62 | D        | Found the +7 Singing Sword {slice, sonic wave}
    62 | D        | Found the +8 storm bow {elec, penet}
    64 | D        | Became a worshipper of Makhleb the Destroyer
    71 | D        | Entered arena 2.
    71 | D        | Found a transporter.
    73 | D        | Reached skill level 8 in Axes
    73 | D        | Reached XP level 3. HP: 31/31 MP: 3/3
    93 | D        | Entered arena 3.
    93 | D        | Noticed a water moccasin
    93 | D        | Found a transporter.
    98 | D        | Reached * piety under Makhleb
    98 | D        | Reached skill level 5 in Fighting
    98 | D        | Reached XP level 4. HP: 39/39 MP: 4/4
   102 | D        | Killed a water moccasin
   102 | D        | Reached skill level 9 in Axes
   102 | D        | Reached XP level 5. HP: 48/48 MP: 5/5
   108 | D        | Got the ring of Toqesack {Str+3 Int+8 Dex-4 Stlth+}
   111 | D        | Entered arena 4.
   111 | D        | Noticed a golden eye
   111 | D        | Found a transporter.
   121 | D        | Splashed by a jelly's acid

Levels and vault maps discovered:
D:        sprint_v [room_start, room_1, room_2, room_3, room_4, room_5, room_6,
          room_7, room_8, room_9, room_10, room_11, room_12, room_13, room_14,
          room_15, room_16, room_17, room_18, room_19, room_20, room_21,
          room_22, room_23, room_24, room_25, room_26, room_27]

Skill      XL: |  1  2  3  4 |
---------------+-------------+-----
Axes           | 7 8 9 |  9.9
Fighting       | 4 5 7 |  7.6
Armour         | |  3.2
Shields        | |  3.6

Action                   |  1- 3 |  4- 6 || total
-------------------------+-------+-------++-------
Melee: Broad axe         |     5 |     6 ||    11
  Use: Potion            |     1 |     4 ||     5
Armor: Storm dragon scal |     4 |    10 ||    14
Dodge: Dodged            |     2 |     2 ||     4
Block: Large shield      |     4 |     9 ||    13

Table legend:
 A = Non-vault XP
 B = Vault XP
 C = Vault XP percentage of total XP
 D = Non-vault monster count
 E = Vault monster count
 F = Vault count percentage of total count
                 A         B        C        D         E       F
            +---------+---------+-------+---------+---------+-------
      Total |       0 |     214 | 100.0 |       0 |       5 | 100.0
            +---------+---------+-------+---------+---------+-------
          D |       0 |     214 | 100.0 |       0 |       5 | 100.0
            +---------+---------+-------+---------+---------+-------
